 Dungeon Crawl Stone Soup version 0.21.1-1-g345015f (webtiles) character file.

114 Grenin the Skirmisher (level 4, -1/39 HPs)
             Began as a Centaur Fighter on Mar 9, 2018.
             Slain by Robin
             ... wielding a +2 spear of venom
              (8 damage)
             ... on level 2 of the Dungeon on Mar 12, 2018.
             The game lasted 00:09:48 (1318 turns).

Grenin the Skirmisher (Centaur Fighter)             Turns: 1318, Time: 00:09:49

Health: -1/39      AC:  6    Str: 20    XL:     4   Next: 67%
Magic:  4/4        EV:  6    Int:  7    God:
Gold:   78         SH:  8    Dex:  8    Spells: 3/3 levels left

rFire    . . .     SeeInvis .   a - +0 long sword
rCold    . . .     Gourm    .   c - +0 shield
rNeg     . . .     Faith    .   e - +0 ring mail
rPois    .         Spirit   .   (no helmet)
rElec    .         Reflect  .   (no cloak)
rCorr    .         Harm     .   (no gloves)
MR       .....                  (no barding)
Stlth    ..........             (no amulet)
HPRegen  0.13/turn              (no ring)
MPRegen  0.09/turn              (no ring)

@: lethally poisoned (-1 -> -12), very quick
A: large, hooves 3, deformed body, speed 2, tough skin 3
a: no special abilities


You were on level 2 of the Dungeon.
You were not hungry.

You visited 1 branch of the dungeon, and saw 2 of its levels.

You collected 78 gold pieces.

Inventory:

Hand Weapons
 a - a +0 long sword (weapon)
 n - a +1 short sword of venom
Armour
 b - a +0 scale mail
 c - a +0 shield (worn)
 e - a +0 ring mail (worn)
 g - a +0 leather armour
 h - a +0 robe
 i - a +0 ring mail
 k - a +0 ring mail of cold resistance
Scrolls
 j - a scroll of blinking
 l - a scroll of remove curse
Potions
 m - a potion of flight {unknown}
Comestibles
 f - 3 rations


   Skills:
 + Level 3.6 Fighting
 + Level 2.8 Long Blades
 + Level 2.6 Armour
 + Level 0.4 Dodging
 + Level 2.8 Shields


You had 3 spell levels left.
You didn't know any spells.

Dungeon Overview and Level Annotations

Branches:
Dungeon (2/15)

Altars:

Annotations:
D:2 Robin


Innate Abilities, Weirdness & Mutations

You have hooves in place of feet.
Armour fits poorly on your strangely shaped body.
You cover ground very quickly.
You have extremely tough skin. (AC +3)


Message History

You block the goblin's attack.
You slash the goblin!
You kill the goblin!
Robin roars a battlecry!
The goblins go into a battle-frenzy!
The goblin hits you but does no damage. Robin hits you but does no damage.
You are poisoned.
You feel sick. The goblin hits you but does no damage.
Items here: ( ))) †† You hit the goblin.
Your kick misses the goblin.
The goblin is moderately wounded.
You feel sick. Robin hits you but does no damage.
The goblin hits you but does no damage. Robin hits you but does no damage.
You are lethally poisoned!
You hit the goblin but do no damage.
The goblin is moderately wounded.
* * * LOW HITPOINT WARNING * * *
You feel sick.
Robin hits you from afar with a spear of venom!
You die...

##.....##.######..gg#.#.....#.
##...###.###(.(((g#..#.....#.
#######'##
#....(..(..#..........
.........#
#####g##########.#.###
###..##..# #g# #...# #..##..#
#g# ###.# ###..#...## #g#
#.### ..........######.# #....
.##.........(.(g@# #####
†....##..######### .###.....#
## #######


You could see Robin, 3 hobgoblins and a goblin.

Vanquished Creatures
  Jessica (D:2)
  Terence (D:2)
  2 adders (D:2)
  2 dart slugs (D:2)
  2 leopard geckos (D:2)
  3 orcs (D:2)
  11 goblins
  A hobgoblin (D:2)
  A quokka (D:2)
  6 bats
  2 frilled lizards
  3 kobolds (D:2)
  4 rats
39 creatures vanquished.

Notes
Turn   | Place    | Note
-------+----------+-------------------------------------------
     0 | D:1      | Grenin the Centaur Fighter began the quest for the Orb.
     0 | D:1      | Reached XP level 1. HP: 19/19 MP: 1/1
   648 | D:2      | Noticed Terence
   657 | D:2      | Killed Terence
   657 | D:2      | Reached XP level 2. HP: 26/26 MP: 2/2
   657 | D:2      | Reached XP level 3. HP: 31/31 MP: 3/3
   659 | D:2      | Noticed Jessica
   671 | D:2      | Killed Jessica
   770 | D:2      | Reached XP level 4. HP: 38/38 MP: 4/4
  1212 | D:2      | Noticed Robin
  1318 | D:2      | Slain by Robin

Skill      XL: |  1 |
---------------+----+-----
Long Blades    | 2 |  2.8
Fighting       | |  3.6
Armour         | |  2.6
Dodging        | |  0.4
Shields        | |  2.8

Action                   |  1- 3 |  4- 6 || total
-------------------------+-------+-------++-------
Melee: Long sword        |    39 |    49 ||    88
       Kick              |     6 |    10 ||    16
  Use: Scroll            |     4 |       ||     4
       Potion            |     2 |     1 ||     3
Armor: Ring mail         |    37 |    52 ||    89
Dodge: Dodged            |    12 |    15 ||    27
Block: Shield            |    25 |    26 ||    51
       Rpst.: Long sword |     4 |     4 ||     8
